 Dungeon Crawl Stone Soup version 0.28-a0-413-gde365fb1df (webtiles) character file.

Game seed: 6686362796299810648

7 Sweetruy1997 the Caller (level 1, 0/13 HPs)
             Began as a Mummy Summoner on Sept 8, 2021.
             Slain by a ball python (1 damage)
             ... on level 1 of the Dungeon.
             The game lasted 00:01:45 (475 turns).

Sweetruy1997 the Caller (Mummy Summoner)             Turns: 475, Time: 00:01:45

Health: 0/13       AC:  2    Str: 11    XL:     1   Next: 91%
Magic:  3/4        EV: 12    Int: 14    God:
Gold:   0          SH:  0    Dex: 12    Spells: 4/5 levels left

rFire   x . .      SeeInvis .   b - +0 whip
rCold   + . .      Faith    .   (no shield)
rNeg    + + +      Spirit   .   a - +0 robe
rPois   ∞          Reflect  .   (no helmet)
rElec   .          Harm     .   (no cloak)
rCorr   .          Rampage  .   (no gloves)
Will    .....                   (no boots)
Stlth   ++........              (no amulet)
HPRegen 0.04/turn               (no ring)
MPRegen 0.09/turn               (no ring)

@: no status effects
A: cold resistance 1, negative energy resistance 3, torment resistance 2, heat
vulnerability 1, no potions
a: no special abilities


You were on level 1 of the Dungeon.
You visited 1 branch of the dungeon, and saw 1 of its levels.

Inventory:

Hand Weapons
 b - a +0 whip (weapon)
Armour
 a - a +0 robe (worn)


   Skills:
 + Level 1.5 Dodging
 + Level 1.5 Stealth
 + Level 2.8 Spellcasting
 + Level 3.5 Summonings


You had 4 spell levels left.
You knew the following spells:

 Your Spells              Type           Power      Damage    Failure   Level
a - Summon Small Mammal   Summ           48%        N/A       4%          1

Your spell library contained the following spells:

 Spells                   Type           Power      Damage    Failure   Level
 Call Imp                 Summ           12%        N/A       8%          2
 Call Canine Familiar     Summ           12%        N/A       16%         3
 Summon Guardian Golem    Hex/Summ       7%         N/A       30%         3
 Summon Lightning Spire   Summ/Air       7%         N/A       71%         4


Dungeon Overview and Level Annotations

Branches:
Dungeon (1/15)

Altars:


Innate Abilities, Weirdness & Mutations

You are immune to poison.
Your flesh is cold resistant. (rC+)
You are immune to negative energy. (rN+++)
You are immune to unholy pain and torment.
You are vulnerable to heat. (rF-)
You do not drink.


Message History

The jackal bites you.
Your rat bites the jackal.
The jackal dies!
The jackal barely misses you.
A ball python comes into view.
You hit the jackal but do no damage.
Your rat barely misses the jackal.
The jackal bites you.
You barely miss the jackal. The jackal barely misses you.
Your rat closely misses the jackal.
The jackal barely misses you.
You barely miss the jackal. Your rat misses the jackal.
The jackal closely misses you.
You closely miss the jackal. The jackal bites you.
* * * LOW HITPOINT WARNING * * *
Your rat bites the jackal but does no damage.
The ball python bites your rat. The ball python grabs your rat.
The ball python constricts your rat.
The jackal bites you but does no damage.
You hit the jackal but do no damage.
Your rat bites the jackal.
The jackal bites you.
* * * LOW HITPOINT WARNING * * *
The ball python bites your rat.
Your rat dies!
Your rat's corpse disappears in a puff of smoke!
Unknown command.
You swap places.
Something bites your bat. x2
Your bat dies!
Your bat's corpse disappears in a puff of smoke!
You enter the shallow water.
Moving in this stuff is going to be slow.
The jackal barely misses you.
You are too injured to fight recklessly!
The jackal bites you.
* * * LOW HITPOINT WARNING * * *
You enter the shallow water.
Moving in this stuff is going to be slow.
The jackal splashes around in the water.
The ball python bites you but does no damage.
The ball python closely misses you.
The jackal bites you but does no damage.
The ball python bites you.
You die...

#..≈.≈≈.≈≈.≈♣#
#.....≈≈#≈≈≈≈##
#§.#.....≈..≈≈.#
#S##≈≈≈≈≈.≈≈≈..# #..
#.#≈..≈≈≈≈≈.#
...###.##≈.#≈.≈≈.###
.............≈≈≈h...#
##########....##S##.###
####.##@##...#####
..########..#.####.....##
#..................###..###
######><##########.# ##...#
............)....#.# ###.#
..##......##..##.#.######.#
...............#........####
###......######.#.#÷.........
..............#...≈≈≈....>.


You could see a jackal and a ball python.

Vanquished Creatures
  A quokka (D:1)
  A frilled lizard (D:1)
2 creatures vanquished.

Vanquished Creatures (collateral kills)
  An endoplasm (D:1)
  A jackal (D:1)
  A ball python (D:1)
  A frilled lizard (D:1)
  A kobold (D:1)
  A rat (D:1)
6 creatures vanquished.

Grand Total: 8 creatures vanquished

Notes
Turn   | Place    | Note
-------+----------+-------------------------------------------
     0 | D:1      | Sweetruy1997 the Mummy Summoner began the quest for the
                  | Orb.
     0 | D:1      | Reached XP level 1. HP: 13/13 MP: 4/4
   475 | D:1      | Slain by a ball python

Illustrated notes

Levels and vault maps discovered:
D:1:      dpeg_arrival_line_fractal, layout_rooms, serial_rivers,
          chequers_serial_rivers_micro_e, chequers_serial_rivers_micro_b,
          chequers_serial_rivers_marsh, chequers_serial_rivers_small_b,
          chequers_serial_rivers_marsh, chequers_serial_rivers_marsh,
          grunt_decor_clamped, corexii_item_surrounded_by_moat

Action                   || total
-------------------------++-------
Melee: Whip              ||    22
       Unarmed           ||     4
 Cast: Summon Small Mamm ||    15
Armor: Robe              ||     5
Dodge: Dodged            ||    27

Table legend: (Time is in decaauts)
 A = Elapsed time spent in this place.
 B = Non-inter-level travel time spent in this place.
 C = Inter-level travel time spent in this place.
 D = Time resting spent in this place.
 E = Time spent auto-exploring this place.
 F = Levels seen in this place.
 G = Mean time per level.
                   A        B        C        D        E       F      G
               +--------+--------+--------+--------+--------+-----+--------+
         Total |    482 |    482 |      0 |      0 |    372 |   1 |  482.0 |
       Dungeon |    482 |    482 |      0 |      0 |    372 |   1 |  482.0 |
               +--------+--------+--------+--------+--------+-----+--------+

Top non-repeatable levels by time:
     D:1: 482 daAuts
